Map: Acid Plant LE

Players

Nerchio - Winner!

  • Race: Zerg Zerg
  • Spawn Location: 11:00

Mackintac

  • Race: Zerg Zerg
  • Spawn Location: 5:00

Event: WCS Montreal 2018

VOD

Have the link to the VOD?

Description

Time

  • Played on: Sept. 7, 2018, 12:15 p.m.
  • Length: 5:38

All games in this series

Show
View Real Time Build Order
Export as new Build Order

Nerchio Zerg - Winner!

Build Orders: Hatch First, Zergling Baneling 

Get SALT Encoding   

  12  0:00  Drone  
  13  0:12  Overlord  
  13  0:16  Drone  
  14  0:31  Drone x2  
  16  0:48  Hatchery  
  15  0:52  Drone  
  15  0:55  Drone  
  17  0:58  Drone  
  18  1:06  Extractor  
  17  1:14  Spawning Pool  
  17  1:17  Drone  
  17  1:20  Drone  
  18  1:28  Drone  
  19  1:38  Overlord  
  19  1:50  Drone  
  20  2:01  Queen x2  
  20  2:02  Zergling x4  
  20  2:08  Metabolic Boost  
  26  2:12  Drone  
  26  2:15  Drone  
  28  2:22  Drone x2  
  30  2:37  Hatchery  
  30  2:39  Drone  
  30  2:43  Drone  
  29  2:52  Drone x2  
  29  2:55  Zergling x2  
  29  2:56  Baneling Nest  
  29  2:57  Zergling x2  
  32  3:04  Overlord  
  33  3:05  Zergling x2  
  33  3:12  Zergling x4  
  35  3:21  Queen  
  35  3:23  Zergling x2  
  35  3:24  Zergling x2  
  35  3:25  Zergling x4  
  35  3:26  Zergling x2  
  42  3:30  Zergling x2  
  43  3:41  Overlord  
  43  3:44  Zergling x2  
  43  3:47  Baneling x3  
  42  3:49  Zergling x8  
  42  3:50  Baneling  
  42  3:54  Drone x2  
  48  3:57  Drone  
  48  4:00  Drone  
  50  4:04  Drone  
  50  4:08  Baneling x2  
  50  4:09  Drone  
  44  4:19  Zergling x6  
  44  4:20  Queen  
  44  4:22  Queen  
  51  4:25  Baneling x2  
  51  4:31  Zergling x6  
  51  4:33  Drone  
  51  4:34  Drone x2  
  56  4:38  Baneling  
  56  4:39  Overlord  
  56  4:44  Extractor, Drone  
  56  4:45  Evolution Chamber  
  56  4:49  Zergling x4  
  56  4:51  Baneling  
  57  4:53  Overlord  
  56  5:00  Zergling x6  
  56  5:03  Zergling x2  
  56  5:05  Zergling x2  
  58  5:08  Zergling x6  
  61  5:16  Zergling x6  
Show
View Real Time Build Order
Export as new Build Order

Mackintac Zerg 

Build Orders: Hatch First, Zergling Baneling 

Get SALT Encoding   

  12  0:00  Drone  
  13  0:12  Overlord  
  13  0:16  Drone  
  14  0:31  Drone x2  
  16  0:37  Drone  
  17  0:51  Hatchery  
  17  0:56  Drone  
  17  1:09  Spawning Pool  
  16  1:11  Extractor  
  16  1:12  Drone  
  16  1:16  Drone  
  17  1:19  Drone  
  18  1:28  Drone  
  19  1:39  Overlord  
  19  1:56  Queen  
  19  1:58  Drone  
  22  2:03  Queen  
  22  2:04  Zergling x4  
  26  2:11  Metabolic Boost  
  26  2:16  Drone x2  
  26  2:22  Drone  
  29  2:26  Drone  
  30  2:30  Baneling Nest  
  30  2:36  Drone  
  30  2:38  Zergling x2  
  29  2:52  Zergling x4  
  29  2:55  Hatchery  
  29  2:57  Zergling x2  
  31  3:01  Drone  
  32  3:09  Zergling x2, Overlord  
  32  3:10  Zergling x2  
  32  3:11  Zergling x2  
  35  3:24  Zergling x2  
  36  3:28  Baneling  
  36  3:30  Zergling x2  
  36  3:31  Zergling x8  
  41  3:40  Baneling x2  
  40  3:46  Baneling  
  40  3:48  Baneling x2  
  40  3:52  Zergling x6  
  40  3:53  Zergling x2  
  40  3:54  Overlord  
  44  3:58  Overlord  
  36  4:21  Zergling x10  
  36  4:23  Baneling x2  
  39  4:30  Zergling x4  
  39  4:31  Zergling x4  
  41  4:32  Zergling x2  
  41  4:33  Zergling x6  
  41  4:34  Drone x2  
  47  4:39  Baneling  
  47  4:40  Baneling, Evolution Chamber  
  47  4:42  Drone x2  
  47  4:45  Overlord  
  48  4:47  Baneling  
  48  4:49  Drone  
  43  5:06  Drone x4  
Tags
 
Add a new tag
Caveats
  • Supply blocks, unpowered buildings, or Contaminate may cause inaccurate times.
  • Supply counts are checked every 10 seconds.